 Dungeon Crawl Stone Soup version 0.20-a0-463-g5747544 (webtiles) character file.

261 witty the Insei (level 6, -3/56 HPs)
             Began as a Naga Monk on Jan 10, 2017.
             Slain by Menkaure (11 damage)
             ... on level 4 of the Dungeon.
             The game lasted 00:09:48 (3799 turns).

witty the Insei (Naga Monk)                         Turns: 3799, Time: 00:09:49

Health: -3/56      AC: 14    Str: 11 (13) XL:     6   Next: 18%
Magic:  6/6        EV:  5    Int: 10 (11) God:
Gold:   240        SH:  0    Dex: 22      Spells: 5/5 levels left

rFire  . . .     SeeInvis +       - Unarmed
rCold  . . .     Gourm    .     n - +5 plate armour {ponderous}
rNeg   . . .     Faith    .     (no shield)
rPois  +         Spirit   .     r - +1 helmet
rElec  .         Reflect  .     (no cloak)
rCorr  .         Harm     .     (no gloves)
MR     .....                    (no barding)
Stlth  ..........               (no amulet)
                                (no ring)
                                (no ring)

@: agile, very slow
A: see invisible, agile 1, deformed body, mutation resistance 1, poison
resistance, slowness 2, slow metabolism 1, spit poison 1, AC +2
a: Spit Poison


You were on level 4 of the Dungeon.
You were not hungry.

You visited 1 branch of the dungeon, and saw 4 of its levels.
You also visited: Sewer.

You collected 240 gold pieces.

Inventory:

Hand Weapons
 a - a +0 mace of protection
   (You took it off an orc on level 3 of the Dungeon)
 o - a +0 blowgun
   (You took it off a kobold on level 3 of the Dungeon)
Missiles
 p - 32 poisoned needles
Armour
 n - a +5 plate armour of ponderousness (worn)
   (You found it on level 2 of the Dungeon)
 r - a +1 helmet (worn)
   (You found it on level 3 of the Dungeon)
Jewellery
 g - an uncursed ring of resist corrosion {unknown}
   (You found it in a sewer)
Wands
 i - a wand of lightning (11/15)
   (You found it on level 3 of the Dungeon)
Scrolls
 e - 5 scrolls of teleportation
 f - a scroll of identify
 j - a scroll of amnesia
 k - a scroll of blinking {unknown}
 m - 2 scrolls of remove curse {unknown}
Potions
 d - 5 potions of flight
 q - a potion of curing
Books
 h - a book of Geomancy
   (You found it in a sewer)
Comestibles
 b - 4 bread rations {@e1}
 c - 5 fruits
 l - 2 meat rations {@e2}


   Skills:
 - Level 3.0 Fighting
 - Level 2.4 Dodging
 - Level 3.0 Stealth
 + Level 6.7 Unarmed Combat


You had 5 spell levels left.
You didn't know any spells.

Dungeon Overview and Level Annotations

Branches:
Dungeon (4/15)             Temple (0/1) D:4

Altars:

Annotations:
D:4 Menkaure


Innate Abilities, Weirdness & Mutations

You cannot wear boots.
Your serpentine skin is tough. (AC +2)
You have supernaturally acute eyesight. (SInv)
Armour fits poorly on your strangely shaped body.
Your system is resistant to poisons. (rPois)
You cover ground very slowly.
You have a slow metabolism.
You can spit poison.
You are agile. (Dex +2)
You are somewhat resistant to further mutation.


Message History

You punch the kobold!
You kill the kobold!
No target in view!
No target in view!
A worker ant comes into view.
A worker ant is nearby!
A worker ant is nearby!
A worker ant is nearby!
The worker ant bites you but does no damage.
Your plate armour prevents you from hitting the worker ant.
The worker ant bites you but does no damage.
You hit the worker ant.
The worker ant bites you but does no damage.
You hit the worker ant.
The worker ant bites you but does no damage.
You hit the worker ant.
The worker ant bites you but does no damage.
You completely miss the worker ant.
The worker ant bites you but does no damage.
You hit the worker ant.
The worker ant bites you but does no damage.
Aim: a worker ant (heavily wounded)
The splash of poison hits the worker ant.
You kill the worker ant!
You feel slightly more hungry.
No target in view!
No target in view!
You have got your breath back.
Found a stone staircase leading down.
An adder comes into view.
The adder hisses angrily.
An adder is nearby!
An adder is nearby!
An adder is nearby!
Aim: an adder The splash of poison misses the adder.
You feel slightly more hungry.
An adder is nearby!
An adder is nearby!
An adder is nearby!
The adder bites you. x2
You take 4 damage, and have 52/56 hp.
You closely miss the adder. The adder bites you but does no damage.
The adder bites you.
You take 1 damage, and have 51/56 hp.
You hit the adder. The adder bites you but does no damage.
You closely miss the adder. The adder bites you but does no damage.
You hit the adder.
You have got your breath back.
The adder bites you but does no damage.
You miss the adder. The adder bites you but does no damage.
You hit the adder but do no damage. The adder bites you but does no damage.
Your plate armour prevents you from hitting the adder.
The adder bites you but does no damage. x2
You closely miss the adder. The adder bites you but does no damage.
Your plate armour prevents you from hitting the adder.
The adder bites you but does no damage.
You miss the adder. The adder bites you but does no damage.
You hit the adder. The adder bites you but does no damage.
You hit the adder.
You kill the adder!
p - 32 poisoned needles (gained 19)
Found a staircase to the Ecumenical Temple.
Health restored: 56 A giant cockroach comes into view.
Menkaure calls on the powers of darkness!
The giant cockroach convulses!
Your body is wracked with pain!
You take 27 damage, and have 29/56 hp.
MASSIVE DAMAGE!!
You feel agile all of a sudden.
The giant cockroach waves its antennae.
The giant cockroach bites you.
Menkaure calls on the powers of darkness!
Your body is wracked with pain!
* * * LOW HITPOINT WARNING * * *
The giant cockroach convulses!
The giant cockroach bites you but does no damage.
You take 13 damage, and have 16/56 hp.
MASSIVE DAMAGE!!
Your plate armour prevents you from hitting Menkaure.
Menkaure barely misses you.
The giant cockroach bites you but does no damage.
You hit Menkaure.
The giant cockroach bites you but does no damage.
You hit Menkaure. Menkaure hits you!
* * * LOW HITPOINT WARNING * * *
The giant cockroach barely misses you.
You take 7 damage, and have 9/56 hp.
You hit Menkaure. The giant cockroach barely misses you. Menkaure hits you.
* * * LOW HITPOINT WARNING * * *
You take 1 damage, and have 8/56 hp.
Your plate armour prevents you from hitting Menkaure.
The giant cockroach bites you but does no damage.
Menkaure barely misses you.
You punch Menkaure!
The giant cockroach bites you but does no damage.
You hit Menkaure but do no damage. The giant cockroach bites you.
* * * LOW HITPOINT WARNING * * *
Menkaure hits you!
You die...

#....>.......#.
##.#.#...##..#
#.#.##.###..# #
#.#.##.###... #.
##.#.##.##...
#.##....##.##..#
#..........##..#
###.....####.#s#
......(....####M@#
#####.##.........#.>
#.###.........# #.#
#######(.## #.# #..#
#.# #..# #
#.#########..######.#
...#.............#
.... ..........#


You could see Menkaure and a giant cockroach.

Vanquished Creatures
  A merfolk siren (Sewer)
  A worker ant (D:4)
  A merfolk avatar (Sewer)
  5 adders
  3 river rats
  An adder skeleton (D:4)
  A dart slug (D:2)
  7 leopard geckos
  2 orcs (D:3)
  4 giant cockroaches
  6 goblins
  12 hobgoblins
  6 ball pythons
  7 bats
  11 frilled lizards
  17 kobolds
  32 rats
117 creatures vanquished.

Notes
Turn   | Place    | Note
-------+----------+-------------------------------------------
     0 | D:1      | witty the Naga Monk began the quest for the Orb.
     0 | D:1      | Reached XP level 1. HP: 21/21 MP: 1/1
   187 | D:1      | Reached XP level 2. HP: 24/28 MP: 2/2
   848 | D:2      | Reached skill level 4 in Unarmed Combat
   882 | D:2      | Reached XP level 3. HP: 20/34 MP: 3/3
  1301 | D:2      | Reached XP level 4. HP: 29/42 MP: 4/4
  2158 | D:3      | Reached skill level 5 in Unarmed Combat
  2263 | D:3      | Found a glowing drain.
  2267 | Sewer    | Entered a sewer
  2443 | Sewer    | Gained mutation: You are agile. (Dex +2) [potion of mutation]
  2443 | Sewer    | Gained mutation: You are somewhat resistant to further mutation. [potion of mutation]
  2447 | Sewer    | Reached XP level 5. HP: 49/49 MP: 5/5
  2702 | Sewer    | Reached skill level 6 in Unarmed Combat
  2707 | Sewer    | Noticed a malarious merfolk avatar
  2766 | Sewer    | Killed a malarious merfolk avatar
  3407 | D:4      | Noticed Menkaure
  3665 | D:4      | Reached XP level 6. HP: 56/56 MP: 6/6
  3787 | D:4      | Found a staircase to the Ecumenical Temple.
  3795 | D:4      | HP: 9/56 [Menkaure (7)]
  3799 | D:4      | Slain by Menkaure

Vault maps used:
D:1:      dpeg_arrival_tiny_j
D:2:      first_bread
D:3:      gup_sewer_entry_spiral
D:4:      cheibrodos_thug_alley, grunt_dithmenos_shadows,
          sigmund_edmund_badplayer, uniq_eustachio, uniq_menkaure, uniq_sigmund
Sewer:    sewer_sea

Skill      XL: |  1  2  3  4  5 |
---------------+----------------+-----
Unarmed Combat | 4 5 6 |  6.7
Fighting       | |  3.0
Dodging        | |  2.4
Stealth        | |  3.0

Action                   |  1- 3 |  4- 6 || total
-------------------------+-------+-------++-------
Melee: Unarmed           |   101 |   289 ||   390
       Punch             |     2 |       ||     2
 Abil: Spit Poison       |    11 |    15 ||    26
  Use: Scroll            |       |     7 ||     7
       Potion            |       |     7 ||     7
 Stab: Sleeping          |     1 |     3 ||     4
       Invisible         |       |     2 ||     2
  Eat: Chunk             |     1 |     8 ||     9
Armor: Robe              |    14 |       ||    14
       Plate armour      |       |   213 ||   213
       Skin              |       |     9 ||     9
Dodge: Dodged            |    68 |    29 ||    97

Vault maps used:
D:1:      dpeg_arrival_tiny_j
D:2:      first_bread
D:3:      gup_sewer_entry_spiral
D:4:      cheibrodos_thug_alley, grunt_dithmenos_shadows,
          sigmund_edmund_badplayer, uniq_eustachio, uniq_menkaure, uniq_sigmund
Sewer:    sewer_sea

Table legend:
 A = Turns spent in this place as a percentage of turns spent in the entire game.
 B = Non-inter-level travel turns spent in this place as a percentage of non-inter-level travel turns spent in the entire game.
 C = Inter-level travel turns spent in this place as a percentage of turns spent in this place.
 D = Turns resting spent in this place as a percentage of non-inter-level travel turns spent in this place.
 E = Turns spent auto-exploring this place as a percentage of non-inter-level travel turns spent in this place.
 F = Non-inter-level travel turns spent in this place divided by the number of levels of this place that you've seen.
                   A       B       C       D       E      F
               +-------+-------+-------+-------+-------+----------------------
         Total | 100.0 | 100.0 |   0.4 |   3.8 |   7.1 | 291.0
       Dungeon |  71.7 |  71.6 |   0.6 |   3.6 |   7.6 | 260.5
         Sewer |  28.3 |  28.4 |   0.0 |   4.1 |   5.8 | 413.0
               +-------+-------+-------+-------+-------+----------------------

Table legend:
 A = Kills in this place as a percentage of kills in entire the game.
 B = Kills by you in this place as a percentage of kills by you in the entire game.
 C = Kills by friends in this place as a percentage of kills by friends in the entire game.
 D = Other kills in this place as a percentage of other kills in the entire game.
 E = Experience gained in this place as a percentage of experience gained in the entire game.
 F = Experience gained in this place divided by the number of levels of this place that you have seen.
                   A       B       C       D       E      F
               +-------+-------+-------+-------+-------+----------------------
         Total | 100.0 | 100.0 |  -nan |  -nan | 100.0 |  74.8
       Dungeon |  65.0 |  65.0 |  -nan |  -nan |  62.3 |  58.2
         Sewer |  35.0 |  35.0 |  -nan |  -nan |  37.7 | 141.0
               +-------+-------+-------+-------+-------+----------------------
